 Dungeon Crawl Stone Soup version 0.21-a0 (webtiles) character file.

20253 rgaf the Martial Artist (level 12, -4/61 HPs)
             Began as a Vine Stalker Transmuter on May 19, 2017.
             Was the Champion of Cheibriados.
             Slain by a swamp worm (7 damage)
             ... on level 2 of the Lair of Beasts.
             The game lasted 00:19:28 (11387 turns).

rgaf the Martial Artist (Vine Stalker Transmuter)  Turns: 11387, Time: 00:19:29

Health: -4/61      AC: 19    Str: 31    XL:     12   Next: 77%
Magic:  0/28       EV: 16    Int: 32    God:    Cheibriados [******]
Gold:   592        SH:  0    Dex: 29    Spells: 25/34 levels left

rFire    + . .     SeeInvis .     - Unarmed
rCold    . . .     Gourm    .   (no shield)
rNeg     + . .     Faith    .   K - +2 ring mail {rF+}
rPois    .         Spirit   +   t - +1 helmet
rElec    .         Reflect  .   S - +0 cloak
rCorr    .         Harm     .   D - +2 pair of gloves {Str+3}
MR       +....                  i - +1 pair of boots {Stlth+}
Stlth    +++.......             (no amulet)
Regen    1.0/turn               r - ring of positive energy
MPRegen  0.3/turn               H - +3 ring of protection

@: very slow
A: fangs 3, repulsion field 1, clumsy 1, regeneration 2, robust 1, magic shield,
antimagic bite, no potion heal 3, rot immunity
a: Bend Time, Temporal Distortion, Slouch, Step From Time, Renounce Religion


You were on level 2 of the Lair of Beasts.
You worshipped Cheibriados.
Cheibriados was exalted by your worship.
You were not hungry.

You visited 3 branches of the dungeon, and saw 14 of its levels.

You collected 794 gold pieces.
You spent 202 gold pieces at shops.

Inventory:

Missiles
 a - 12 arrows
 L - 152 stones (quivered)
Armour
 e - a +1 pair of gloves
 i - a +1 pair of boots of stealth (worn)
 t - a +1 helmet (worn)
 D - a +2 pair of gloves of strength (worn)
 J - a +1 buckler of reflection
 K - a +2 ring mail of fire resistance (worn)
 S - a +0 cloak (worn)
Jewellery
 g - a +3 ring of dexterity
 r - a ring of positive energy (left hand)
 u - an uncursed ring of protection from cold
 w - an uncursed ring of protection from cold
 x - an uncursed ring of resist corrosion
 H - a +3 ring of protection (right hand)
 Q - an uncursed ring of ice
 W - an uncursed ring of wizardry {unknown}
Wands
 b - a wand of iceblast (7/15)
 f - a wand of acid (5/15)
 l - a wand of clouds (8/9)
 z - a wand of lightning (7/15)
 B - a wand of enslavement (14/24)
 N - a wand of confusion (30/48)
 T - a wand of lightning (5/15)
 U - a wand of iceblast (3/15)
Scrolls
 h - 8 scrolls of fear
 m - 2 scrolls of enchant weapon
 n - 7 scrolls of teleportation
 s - 9 scrolls of identify
 v - 3 scrolls of noise {unknown}
 y - 2 scrolls of fog {unknown}
 C - 5 scrolls of enchant armour
 E - 4 scrolls of blinking
 F - 2 scrolls of amnesia {unknown}
 G - 3 scrolls of remove curse
 V - a scroll of holy word {unknown}
Potions
 j - 2 potions of flight
 p - 3 potions of heal wounds
 q - 4 potions of curing
 A - 2 potions of haste
 M - a potion of agility {unknown}
 R - a potion of invisibility {unknown}
Books
 c - a book of Changes

   Spells                             Type                      Level
   a - Beastly Appendage              Transmutation                1
   b - Sticks to Snakes               Transmutation                2
   c - Spider Form                    Transmutation/Poison         3
   d - Ice Form                       Ice/Transmutation            4
   e - Blade Hands                    Transmutation                5
 P - a book of Maledictions

   Spells                             Type                      Level
   a - Corona                         Hexes                        1
   b - Ensorcelled Hibernation        Hexes/Ice                    2
   c - Confuse                        Hexes                        3
   d - Tukima's Dance                 Hexes                        3
   e - Dazzling Spray                 Conjuration/Hexes            3
Comestibles
 d - 5 bread rations
 k - 8 meat rations
 o - 12 royal jellies
 I - 4 fruits
 O - 4 chunks of flesh


   Skills:
 + Level 3.5 Fighting
 + Level 3.0 Armour
 + Level 3.3 Dodging
 * Level 12.1 Unarmed Combat
 - Level 11.5 Spellcasting
 - Level 11.1 Transmutations


You had 25 spell levels left.
You knew the following spells:

 Your Spells              Type           Power        Failure   Level  Hunger
a - Beastly Appendage     Tmut           ######       1%          1    None
b - Spider Form           Tmut/Pois      ######....   1%          3    None
c - Blade Hands           Tmut           ######....   1%          5    ##.....


Dungeon Overview and Level Annotations

Branches:
Dungeon (11/15)            Temple (1/1) D:7            Lair (2/6) D:8
  Swamp (0/4) Lair:2
  Snake: Lair:2-4    Spider: Lair:2-4       Orc: D:9-12

Altars:
Ashenzari
Cheibriados
Dithmenos
Elyvilon
Gozag
Hepliaklqana
Kikubaaqudgha
Makhleb
Nemelex Xobeh
Ru
Sif Muna
Trog
Uskayaw
Xom
The Shining One

Shops:
D:4 }   D:5 *   D:9 [[


Innate Abilities, Weirdness & Mutations

You have razor-sharp teeth.
You heal very quickly.
When hurt, damage is shared between your health and your magic reserves.
Your bite disrupts and absorbs the magic of your enemies.
Potions cannot restore your health.
You are immune to rotting.
You are surrounded by a mild repulsion field. (EV +2)
You are clumsy. (Dex -2)
You are robust. (+10% HP)


Message History

The swamp worm bites you! The swamp worm barely misses you.
The swamp worm bites you! The swamp worm bites you!!
* * * LOW HITPOINT WARNING * * *
The electric eel shoots out a bolt of lightning at you!
The bolt of electricity hits you!
* * * LOW HITPOINT WARNING * * *
The swamp worm barely misses you. The swamp worm misses you.
The electric eel shoots out a bolt of lightning at you!
The bolt of electricity hits you!
* * * LOW HITPOINT WARNING * * *
The swamp worm closely misses you.
The swamp worm bites you but does no damage. x2
Your hands revert to their normal proportions.
Your +2 pair of gloves of strength unmelds from your body.
You feel stronger.
The swamp worm bites you but does no damage.
The swamp worm bites you!
* * * LOW HITPOINT WARNING * * *
The swamp worm bites you!
You die...

.P....# ##.# #P..####...###P.
#P...########P.###...P##..### #..
......##.#..#...#.#...###.#####..
......................♣♣..P#P#...
........P.......♣♣♣♣♣♣♣♣#........
...........♣♣♣♣♣♣♣♣♣♣♣♣ ♣♣♣♣.....
.#P.#.P..♣♣♣≈≈≈≈♣≈≈≈≈≈♣§§§§♣♣....
.......................§.>§♣♣♣...
..............♣.@w.......§≈♣ ♣...
.........♣♣♣≈≈≈≈≈w≈≈≈≈≈♣;≈≈♣♣#...
..P..##....♣♣♣♣♣♣♣♣♣♣♣♣♣ ♣♣♣....
............ ♣♣♣.♣#♣#....
............ ............
........... ............
#######.# .####P####.# #. ## ###


You could see 2 swamp worms.

Vanquished Creatures
  Josephine (D:10)
  2 hydras
  Fannar (Lair:1)
  2 two-headed ogres
  Urug (Lair:2)
  The ghost of inqbanana the Protected, a novice GrFi of Jiyva (D:7)
  An ugly thing (D:11)
  Psyche (D:8)
  A spiny frog (Lair:2)
  2 komodo dragons (Lair:2)
  A rime drake (Lair:2)
  A queen bee (D:10)
  2 trolls
  Grinder (D:4)
  A polar bear (Lair:2)
  Prince Ribbit (D:8)
  5 hippogriffs
  A spriggan (Lair:2)
  3 wraiths (D:10)
  A basilisk (Lair:1)
  5 yaks (D:10)
  4 vampire mosquitoes (D:9)
  2 hungry ghosts
  A steam dragon (D:11)
  Menkaure (D:6)
  2 swamp worms (Lair:2)
  2 porcupines
  Duvessa (D:6)
  3 orc warriors
  2 ice beasts
  4 sky beasts
  6 black bears
  7 ogres
  2 phantoms
  A necrophage (D:7)
  An eye of draining (D:10)
  20 wolves (Lair:2)
  6 centaurs
  5 crocodiles
  2 big kobolds (D:8)
  11 bullfrogs
  Dowan (D:6)
  A wyvern skeleton (D:10)
  2 scorpions
  11 wights
  14 killer bees (D:10)
  A howler monkey (D:9)
  4 crimson imps
  A quasit (D:10)
  2 jellies
  A bullfrog skeleton (D:7)
  4 orc priests
  A bullfrog zombie (D:6)
  3 centaur skeletons
  5 hounds
  6 orc wizards
  An iguana (D:10)
  Ijyb (D:5)
  5 worker ants
  A hound skeleton (D:4)
  3 hound zombies
  A worker ant zombie (D:10)
  Robin (D:2)
  A howler monkey skeleton (D:8)
  8 adders
  4 gnolls
  3 shadow imps
  An ooze (D:1)
  3 adder zombies
  An adder skeleton (D:5)
  5 worms
  4 leopard geckos
  47 orcs
  9 giant cockroaches
  19 goblins
  13 hobgoblins
  16 jackals
  4 quokkas
  A ball python (D:5)
  4 bats
  4 frilled lizards
  19 kobolds
  2 quokka skeletons
  8 rats
364 creatures vanquished.

Vanquished Creatures (others)
  2 fungi (Lair:2)
  A plant (Lair:2)
3 creatures vanquished.

Grand Total: 367 creatures vanquished

Notes
Turn   | Place    | Note
-------+----------+-------------------------------------------
     0 | D:1      | rgaf the Vine Stalker Transmuter began the quest for the Orb.
     0 | D:1      | Reached XP level 1. HP: 9/9 MP: 4/4
   364 | D:1      | Reached XP level 2. HP: 14/14 MP: 6/6
   627 | D:1      | Reached skill level 4 in Unarmed Combat
   671 | D:1      | Reached XP level 3. HP: 17/17 MP: 7/7
  1087 | D:2      | Noticed Robin
  1472 | D:1      | Gained mutation: You are clumsy. (Dex -2) [potion of mutation]
  1472 | D:1      | Gained mutation: You are surrounded by a mild repulsion field. (EV +2) [potion of mutation]
  1472 | D:1      | Gained mutation: You are robust. (+10% HP) [potion of mutation]
  1498 | D:1      | Gained mutation: Your natural rate of healing is unusually fast. [Vine Stalker growth]
  1498 | D:1      | Reached XP level 4. HP: 4/23 MP: 8/8
  1562 | D:2      | Killed Robin
  1562 | D:2      | Reached skill level 5 in Unarmed Combat
  2171 | D:3      | Reached XP level 5. HP: 27/27 MP: 9/9
  2368 | D:3      | Reached skill level 6 in Unarmed Combat
  2800 | D:4      | Noticed Grinder
  2801 | D:4      | Paralysed by Grinder for 2 turns
  2812 | D:4      | Paralysed by Grinder for 2 turns
  2830 | D:4      | Killed Grinder
  2830 | D:4      | Reached skill level 7 in Unarmed Combat
  2830 | D:4      | Reached XP level 6. HP: 10/31 MP: 5/10
  2921 | D:4      | Found Qemi's Gadget Shoppe.
  3033 | D:4      | Noticed a sky beast
  3147 | D:4      | Killed a sky beast
  3147 | D:4      | Reached skill level 8 in Unarmed Combat
  3147 | D:4      | Reached XP level 7. HP: 20/35 MP: 8/11
  3586 | D:5      | Entered Level 5 of the Dungeon
  3597 | D:5      | Learned a level 3 spell: Spider Form
  3603 | D:5      | Learned a level 5 spell: Blade Hands
  3888 | D:5      | Gained mutation: You have razor-sharp teeth. [Vine Stalker growth]
  3888 | D:5      | Reached XP level 8. HP: 34/40 MP: 12/14
  3946 | D:5      | Noticed Ijyb
  3958 | D:5      | Killed Ijyb
  4201 | D:5      | Found Aghexar's Assorted Antiques.
  4211 | D:5      | Bought a pair of runed gloves for 202 gold pieces
  4719 | D:6      | Reached skill level 5 in Spellcasting
  4740 | D:6      | Reached skill level 5 in Transmutations
  4883 | D:6      | Noticed Duvessa
  4883 | D:6      | Noticed Dowan
  4898 | D:6      | Killed Duvessa
  4905 | D:6      | Killed Dowan
  4905 | D:6      | Reached XP level 9. HP: 24/44 MP: 18/18
  5161 | D:6      | Noticed Menkaure
  5180 | D:6      | Killed Menkaure
  5322 | D:6      | Found a bloodstained altar of Trog.
  5512 | D:6      | Reached skill level 9 in Unarmed Combat
  5721 | D:7      | Found a staircase to the Ecumenical Temple.
  5731 | Temple   | Entered the Ecumenical Temple
  5734 | Temple   | Became a worshipper of Cheibriados the Contemplative
  5784 | D:7      | Found an ancient bone altar of Kikubaaqudgha.
  5893 | D:7      | Noticed inqbanana's ghost (novice GrFi)
  6342 | D:7      | Killed inqbanana's ghost
  6460 | D:7      | Reached XP level 10. HP: 42/48 MP: 22/22
  6728 | D:8      | Reached * piety under Cheibriados
  6861 | D:8      | Noticed a two-headed ogre
  6875 | D:8      | Killed a two-headed ogre
  7033 | D:8      | Reached ** piety under Cheibriados
  7134 | D:8      | Noticed Prince Ribbit
  7137 | D:8      | Noticed Psyche
  7145 | D:8      | Killed Prince Ribbit
  7147 | D:8      | Killed Psyche
  7255 | D:8      | Reached skill level 10 in Unarmed Combat
  7357 | D:8      | Found a staircase to the Lair.
  7551 | Lair:1   | Entered Level 1 of the Lair of Beasts
  7551 | Lair:1   | Noticed Fannar
  7561 | Lair:1   | Killed Fannar
  7561 | Lair:1   | Reached XP level 11. HP: 46/52 MP: 22/25
  7591 | D:9      | Found Umosuiph's Armour Boutique.
  7846 | D:9      | Reached skill level 10 in Spellcasting
  8076 | D:9      | Found Syilio's Antique Armour Shoppe.
  8132 | D:9      | Noticed a two-headed ogre
  8140 | D:9      | Killed a two-headed ogre
  8212 | D:9      | Reached *** piety under Cheibriados
  8453 | D:9      | Reached skill level 10 in Transmutations
  8609 | D:10     | Entered Level 10 of the Dungeon
  8790 | D:10     | Reached **** piety under Cheibriados
  9320 | D:10     | Reached ***** piety under Cheibriados
  9322 | D:10     | Noticed Josephine
  9347 | D:10     | Killed Josephine
  9473 | D:11     | Noticed a cyan ugly thing
  9483 | D:11     | Killed a cyan ugly thing
  9483 | D:11     | Reached skill level 11 in Unarmed Combat
  9483 | D:11     | Gained mutation: You heal very quickly. [Vine Stalker growth]
  9483 | D:11     | Reached XP level 12. HP: 28/57 MP: 20/28
  9640 | Lair:1   | Reached skill level 1 in Fighting
  9809 | Lair:1   | Noticed a four-headed hydra
  9816 | Lair:1   | Killed a four-headed hydra
  9866 | Lair:1   | Reached skill level 1 in Armour
 10624 | Lair:1   | Identified a scroll of acquirement
 10988 | Lair:2   | Noticed Urug
 10994 | Lair:2   | Killed Urug
 11158 | Lair:2   | Reached ****** piety under Cheibriados
 11277 | Lair:2   | Reached skill level 12 in Unarmed Combat
 11326 | Lair:2   | Noticed a four-headed hydra
 11336 | Lair:2   | Killed a four-headed hydra
 11377 | Lair:2   | Found a staircase to the Swamp.
 11386 | Lair:2   | HP: 1/61 [swamp worm (8)]
 11387 | Lair:2   | Slain by a swamp worm

Vault maps used:
D:1:      lightli_arrival_boilingwater
D:2:      first_bread, serial_bayou_lagoon_b, uniq_robin
D:3:      serial_glass, glass_columns_a, glass_columns_a, due_unseen_surprise,
          minmay_strange_pillars, item_on_display_a, feat_on_display
D:4:      serial_shops, shop_coins, uniq_grinder
D:5:      serial_shops, shop, minivault_25, uniq_ijyb
D:6:      basic_altar, uniq_menkaure, uniq_duvessa
D:7:      overflow_temple_1_default, minmay_temple_entry_butterflies
D:8:      grunt_lair_entry_orc_guard_hut, uniq_prince_ribbit1, uniq_psyche
D:9:      serial_shops, nicolae_shop_stone, shop
D:10:     david_nohive_1, grunt_ministairs_14, uniq_josephine
D:11:     pond
Temple:   dpeg_three_leaves_temple
Lair:1:   uniq_fannar
Lair:2:   nicolae_swamp_entry_splash_gauntlet, grunt_forest_stairs_clearing,
          uniq_urug

Skill      XL: |  1  2  3  4  5  6  7  8  9 10 11 12 |
---------------+-------------------------------------+-----
Unarmed Combat | 4 5 7 8 9 10 11 12 | 12.1
Spellcasting   | 3 5 7 9 11 | 11.5
Transmutations | 3 5 7 9 11 | 11.1
Fighting       | 3 |  3.5
Dodging        | 3 |  3.3
Armour         | 3 |  3.0

Action                   |  1- 3 |  4- 6 |  7- 9 | 10-12 || total
-------------------------+-------+-------+-------+-------++-------
Melee: Unarmed           |    99 |   235 |   389 |   522 ||  1245
       Bite              |    20 |    54 |    92 |   205 ||   371
       Punch             |     3 |     7 |    19 |    44 ||    73
Throw: Stone             |       |       |       |     4 ||     4
 Cast: Blade Hands       |       |       |     2 |    20 ||    22
  Use: Potion            |     1 |     1 |     1 |     1 ||     4
       Scroll            |       |    11 |       |     6 ||    17
 Stab: Sleeping          |     1 |       |       |     1 ||     2
  Eat: Chunk             |     2 |     5 |    11 |    14 ||    32
       Royal jelly       |       |       |       |     1 ||     1
Armor: Robe              |     7 |       |       |       ||     7
       Ring mail         |    42 |    75 |   117 |   319 ||   553
Dodge: Dodged            |    70 |   109 |   218 |   508 ||   905
